 Dungeon Crawl Stone Soup version 0.24-a0-347-g1a3e1d35ff (webtiles) character file.

Game seed: 644677753348452292

6861 zhorgal the Martial Artist (level 11, 0/62 HPs)
             Began as a Vine Stalker Monk on May 22, 2019.
             Was a High Priest of Cheibriados.
             Slain by an orc knight
             ... wielding a +0 broad axe
              (22 damage)
             ... in a bailey.
             The game lasted 00:26:20 (8570 turns).

zhorgal the Martial Artist (Vine Stalker Monk)      Turns: 8570, Time: 00:26:21

Health: 0/62       AC: 13    Str: 28    XL:     11   Next: 6%
Magic:  0/18       EV: 17    Int: 23    God:    Cheibriados [*****.]
Gold:   428        SH:  0    Dex: 30    Spells: 10/10 levels left

rFire    + . .     SeeInvis .     - Unarmed
rCold    . . .     Gourm    .   (no shield)
rNeg     . . .     Faith    .   S - +2 ring mail of the Jolly Spreadsheets {+Fly Regen+ rCorr Str-2}
rPois    .         Spirit   +   V - +0 helmet
rElec    .         Reflect  .   L - +2 cloak {MR+}
rCorr    +         Harm     .   C - +0 pair of gloves
MR       ++...                  z - +0 pair of boots
Stlth    ++........             n - amulet of regeneration
HPRegen  1.40/turn              d - ring of protection from fire
MPRegen  0.16/turn              A - +4 ring of evasion

@: very slow
A: fangs 3, regeneration 1, magic shield, antimagic bite, no potion heal 3, rot
immunity
a: Bend Time, Temporal Distortion, Slouch, Step From Time, Renounce Religion,
Evoke Flight


You were in a bailey.
You worshipped Cheibriados.
Cheibriados was extremely pleased with you.
You were not hungry.

You visited 2 branches of the dungeon, and saw 10 of its levels.
You also visited: Bailey.

You collected 428 gold pieces.

Inventory:

Hand Weapons
 e - a +1 hunting sling
 o - a +0 shortbow
 u - a +0 hunting sling
 w - a +2 hand axe of chopping
 x - the +7 mace of Tumult {pain, rC+ rN+, unknown}
   (You found it in a bailey)

   In the hands of one skilled in necromantic magic, it inflicts extra damage on
   living creatures.
   It protects you from cold.
   It protects you from negative energy.
 y - a +3 dagger
 Q - a +1 shortbow of flaming
 R - a +2 dagger of distortion
Missiles
 f - 223 stones
 j - 122 arrows
 l - 17 poisoned darts (quivered)
 q - 61 sling bullets
 s - 61 bolts
 M - 12 boomerangs
Armour
 v - a +0 chain mail
 z - a +0 pair of boots (worn)
 C - a +0 pair of gloves (worn)
 L - a +2 cloak of magic resistance (worn)
 S - the +2 ring mail of the Jolly Spreadsheets (worn) {+Fly Regen+ rCorr Str-2}
   (You found it on level 8 of the Dungeon)

   It affects your strength (-2).
   It lets you fly.
   It increases your rate of regeneration.
   It provides partial protection from all sources of acid and corrosion.
 U - a +0 plate armour
 V - a +0 helmet (worn)
 Y - a +2 robe of resistance
Jewellery
 d - a ring of protection from fire (left hand)
 n - an amulet of regeneration (around neck)
 A - a +4 ring of evasion (right hand)
 G - an uncursed ring of fire {unknown}
 H - an uncursed ring of protection from magic {unknown}
 I - a cursed ring of teleportation {unknown}
 J - an uncursed amulet of guardian spirit {unknown}
Wands
 h - a wand of flame (13)
 B - a wand of digging (4)
 P - a wand of polymorph (9)
 W - a wand of acid (5)
Scrolls
 c - 2 scrolls of blinking
 t - 8 scrolls of remove curse
 F - 4 scrolls of amnesia
 N - a scroll of teleportation
Potions
 a - a potion of berserk rage
 g - 5 potions of curing
 i - a potion of mutation
 k - a potion of invisibility
 m - 4 potions of haste
 p - a potion of brilliance
 r - a potion of resistance {unknown}
 D - a potion of ambrosia {unknown}
 E - 2 potions of cancellation {unknown}
 O - a potion of degeneration {unknown}
 T - a potion of agility {unknown}
 X - a potion of lignification {unknown}
 Z - 3 potions of flight
Miscellaneous
 K - a box of beasts
Comestibles
 b - 21 rations


   Skills:
 + Level 9.3 Fighting
 - Level 2.4 Dodging
 - Level 2.4 Stealth
 + Level 10.9 Unarmed Combat
 + Level 8.4 Invocations


You had 10 spell levels left.
You didn't know any spells.
Your spell library contained the following spells:

 Spells                   Type           Power        Failure   Level  Hunger
 Freeze                   Ice            #...         22%         1    ##.....
 Sandblast                Erth           #.....       22%         1    ##.....
 Passwall                 Tmut/Erth      #.......     34%         2    ###....
 Throw Frost              Conj/Ice       #.....       34%         2    ###....
 Ozocubu's Armour         Chrm/Ice       #.......     56%         3    ####...
 Stone Arrow              Conj/Erth      #.....       56%         3    ####...
 Petrify                  Tmut/Erth      #.......     92%         4    #####..
 Summon Ice Beast         Ice/Summ       #.......     92%         4    #####..
 Throw Icicle             Conj/Ice       #.......     92%         4    #####..
 Lee's Rapid Deconstruct  Erth           #.........   99%         5    ######.


Dungeon Overview and Level Annotations

Branches:
Dungeon (9/15)             Temple (1/1) D:4            Lair (0/6) D:9
    Orc: D:9-12

Altars:
Ashenzari
Cheibriados
Dithmenos
Elyvilon
Fedhas
Gozag
Hepliaklqana
Kikubaaqudgha
Makhleb
Nemelex Xobeh
Okawaru
Qazlal
Ru
Sif Muna
Trog
Uskayaw
Vehumet
Wu Jian
Xom
Yredelemnul
Zin
The Shining One

Shops:
D:7 (


Innate Abilities, Weirdness & Mutations

You have razor-sharp teeth.
Your natural rate of healing is unusually fast.
When hurt, damage is shared between your health and your magic reserves.
Your bite disrupts and absorbs the magic of your enemies.
Potions cannot restore your health.
You are immune to rotting.


Message History

You hit the orc knight. You bite the orc knight! You drain its power.
The orc knight hits you with a +0 broad axe!!
You take 16 damage, and have 46/62 hp.
MASSIVE DAMAGE!!
You now have 13/18 mp.
You closely miss the orc knight.
The kobold shouts!
Your bite misses the orc knight.
The orc knight hits you with a +0 broad axe!!!
You take 27 damage, and have 19/62 hp.
MASSIVE DAMAGE!!
You now have 5/18 mp.
You hit the orc knight but do no damage.
Your bite misses the orc knight. You punch the orc knight!
You bite the orc knight. You drain its power.
You feel invigorated. The orc knight misses you.
You regained 3 mp, and now have 8/18 mp.
Aim: an orc knight, wielding a +0 broad axe and wearing a +0 plate armour (heavily wounded, unusually strong)
The bolt of acid hits the orc knight.
The orc knight is splashed with acid.
The bolt of acid hits the orc knight!
The orc knight is splashed with acid.
The bolt of acid misses the kobold.
The orc knight no longer looks unusually strong.
The orc knight hits you with a +0 broad axe!!
You die...

############# ##...#)...#.∩#
#.....#....###
##########.###########
...KKKoo@....†.......##
....Ko#########.......#
.........#' ######..## ....⌠... #
#..# #...## ......# #..# #....# #
##.....# ..#### ###..' #..≈≈≈
≈≈#...KKK###...^ ... ^...###..≈≈≈
≈≈≈≈≈≈gKKoK#..####'####..#.≈≈≈≈≈≈
≈≈≈≈≈≈≈≈≈oo####....o..####≈≈≈≈≈≈#


You could see 2 orc knights, an orc warrior and 4 kobolds.

Vanquished Creatures
  A two-headed ogre (D:9)
  An unseen horror (D:7)
  A guardian serpent (D:9)
  Prince Ribbit (D:8)
  2 hippogriffs
  3 yaks (D:9)
  Sigmund (D:4)
  A human (D:7)
  4 hogs (D:7)
  5 orc warriors
  2 black bears (D:9)
  3 ogres
  5 centaurs
  3 bullfrogs
  4 scorpions
  5 wights (D:9)
  4 killer bees (D:8)
  A howler monkey (D:4)
  A bullfrog zombie (D:5)
  3 crimson imps
  A centaur skeleton (D:7)
  8 orc priests
  6 hounds
  Crazy Yiuf (D:6)
  15 orc wizards
  2 iguanas
  Ijyb (D:3)
  3 worker ants
  6 adders
  A howler monkey skeleton (D:7)
  2 shadow imps
  An ooze (D:5)
  An adder skeleton (D:8)
  2 worms
  7 dart slugs
  A leopard gecko (D:4)
  49 orcs
  5 bats
  5 giant cockroaches
  10 goblins
  7 hobgoblins
  9 jackals
  7 kobolds
  4 quokkas
  A ball python (D:1)
  2 frilled lizards
  A giant cockroach zombie (D:5)
  11 rats
  2 fungi (D:6)
  A plant (D:7)
223 creatures vanquished.

Vanquished Creatures (others)
  2 fungi (D:9)
2 creatures vanquished.

Grand Total: 225 creatures vanquished

Notes
Turn   | Place    | Note
-------+----------+-------------------------------------------
     0 | D:1      | zhorgal the Vine Stalker Monk began the quest for the Orb.
     0 | D:1      | Reached XP level 1. HP: 11/11 MP: 2/2
   444 | D:1      | Reached XP level 2. HP: 10/16 MP: 3/3
   935 | D:1      | Reached skill level 4 in Unarmed Combat
  1071 | D:1      | Reached XP level 3. HP: 16/19 MP: 2/4
  1137 | D:1      | Found a shattered altar of Ashenzari.
  1488 | D:2      | Found a burning altar of Makhleb.
  1496 | D:2      | Found a blossoming altar of Fedhas.
  1497 | D:2      | Found a radiant altar of Vehumet.
  1498 | D:2      | Found a shadowy altar of Dithmenos.
  1499 | D:2      | Found an ancient bone altar of Kikubaaqudgha.
  1527 | D:2      | Found a hazy altar of Hepliaklqana.
  1851 | D:2      | Found a sacrificial altar of Ru.
  2225 | D:2      | Gained mutation: Your natural rate of healing is unusually
                  | fast. [Vine Stalker growth]
  2225 | D:2      | Reached XP level 4. HP: 23/23 MP: 5/5
  2404 | D:2      | Found a sparkling altar of Nemelex Xobeh.
  2405 | D:2      | Found an opulent altar of Gozag.
  2759 | D:3      | Noticed Ijyb
  2823 | D:3      | Killed Ijyb
  2823 | D:3      | Reached skill level 5 in Unarmed Combat
  3384 | D:4      | Reached XP level 5. HP: 28/28 MP: 6/6
  3486 | D:4      | Reached skill level 6 in Unarmed Combat
  3486 | D:4      | Reached XP level 6. HP: 29/32 MP: 7/7
  3864 | D:4      | Reached XP level 7. HP: 26/38 MP: 4/8
  3927 | D:4      | Found a staircase to the Ecumenical Temple.
  3934 | Temple   | Entered the Ecumenical Temple
  4042 | Temple   | Became a worshipper of Cheibriados the Contemplative
  4042 | Temple   | Reached * piety under Cheibriados
  4042 | Temple   | Reached ** piety under Cheibriados
  4187 | D:4      | Reached skill level 7 in Unarmed Combat
  4385 | D:4      | Noticed Sigmund
  4401 | D:4      | Killed Sigmund
  4401 | D:4      | Reached skill level 5 in Fighting
  4401 | D:4      | Reached skill level 1 in Invocations
  4609 | D:5      | Entered Level 5 of the Dungeon
  4687 | D:5      | Gained mutation: You have razor-sharp teeth. [Vine Stalker
                  | growth]
  4687 | D:5      | Reached XP level 8. HP: 43/43 MP: 10/10
  4745 | D:5      | Reached *** piety under Cheibriados
  5330 | D:5      | Found a bloodstained altar of Trog.
  5331 | D:5      | Found an iron altar of Okawaru.
  5643 | D:6      | Noticed a hippogriff
  5651 | D:6      | Killed a hippogriff
  5681 | D:6      | Reached skill level 8 in Unarmed Combat
  5720 | D:6      | Found a shimmering altar of Xom.
  5721 | D:6      | Noticed an angel
  5724 | D:6      | Found a glowing silver altar of Zin.
  6252 | D:6      | Found a runed translucent door.
  6253 | D:6      | Noticed Crazy Yiuf
  6260 | D:6      | Killed Crazy Yiuf
  6337 | D:7      | Reached XP level 9. HP: 34/49 MP: 5/13
  6413 | D:7      | Reached **** piety under Cheibriados
  6441 | D:7      | Found Iderag's Antique Weapon Shop.
  6536 | D:7      | Killed an unseen horror
  6536 | D:7      | Reached skill level 9 in Unarmed Combat
  6536 | D:7      | Reached skill level 5 in Invocations
  6970 | D:7      | Reached XP level 10. HP: 55/56 MP: 15/15
  7341 | D:8      | Reached ***** piety under Cheibriados
  7402 | D:8      | Found a white marble altar of Elyvilon.
  7496 | D:8      | Got a distressingly furry ring mail
  7562 | D:8      | Identified the +2 ring mail of the Jolly Spreadsheets {+Fly
                  | Regen+ rCorr Str-2} (You found it on level 8 of the
                  | Dungeon)
  7666 | D:8      | Noticed Prince Ribbit
  7673 | D:8      | Killed Prince Ribbit
  7673 | D:8      | Reached skill level 10 in Unarmed Combat
  7986 | D:9      | Noticed a two-headed ogre
  8000 | D:9      | Killed a two-headed ogre
  8128 | D:9      | Found a staircase to the Lair.
  8251 | D:9      | Noticed a guardian serpent
  8258 | D:9      | Killed a guardian serpent
  8383 | D:9      | Reached XP level 11. HP: 56/62 MP: 18/18
  8439 | D:9      | Found a flagged portal.
  8449 | Bailey   | Entered a bailey
  8455 | Bailey   | Noticed an orc knight
  8463 | Bailey   | Noticed an orc knight
  8468 | Bailey   | Noticed an orc knight
  8542 | Bailey   | Got a steaming mace
  8570 | Bailey   | Slain by an orc knight

Levels and vault maps discovered:
D:1:      ebering_trefoil_3fold, layout_rooms, nicolae_ashenzari_panopticon
D:2:      layout_basic, grunt_temple_overflow_opulence,
          grunt_temple_overflow_open, overflow_temple_1_default, first_ration,
          nicolae_ru_sacrificial_ziggurat
D:3:      layout_loops_ring, uniq_ijyb
D:4:      layout_loops_ring, minmay_temple_entry_mini_moons,
          hangedman_decor_diamond_cutter, eino_tiny_chamber,
          chequers_serial_rivers_small_3, uniq_sigmund
D:5:      layout_basic, grunt_temple_overflow_bloody_war
D:6:      layout_cave_pools, grunt_temple_overflow_order_and_chaos_1,
          uniq_crazy_yiuf_cottage
D:7:      layout_rooms, serial_shops, nicolae_shop_overgrown_old_shop,
          minmay_parallelograms, grunt_livestock, wad_rectangle_vault
D:8:      layout_loops_corners, kennysheep_mini_moat, uniq_prince_ribbit1
D:9:      layout_basic, grunt_lair_entry_orc_guard_hut, enter_bailey_2,
          nrook_guardian_serpent_ordinary
Temple:   nicolae_temple_figure_zero
Bailey:   bailey_axe_4, bailey

Skill      XL: |  1  2  3  4  5  6  7  8  9 10 |
---------------+-------------------------------+-----
Unarmed Combat | 4 5 6 7 8 9 10 | 10.9
Fighting       | 3 4 5 6 7 9 |  9.3
Invocations    | 2 4 6 8 |  8.4
Dodging        | |  2.4
Stealth        | |  2.4

Action                   |  1- 3 |  4- 6 |  7- 9 | 10-12 || total
-------------------------+-------+-------+-------+-------++-------
Melee: Unarmed           |   112 |   160 |   292 |   168 ||   732
       Bite              |    26 |    54 |   140 |    79 ||   299
       Punch             |     4 |     4 |    13 |    18 ||    39
Throw: Dart              |       |     1 |     7 |       ||     8
Invok: Bend Time         |       |       |     1 |       ||     1
Evoke: Wand              |       |       |       |     1 ||     1
  Use: Scroll            |       |     9 |     3 |     2 ||    14
       Potion            |       |       |       |     1 ||     1
 Stab: Sleeping          |     8 |     1 |       |     5 ||    14
  Eat: Chunk             |     4 |     5 |     6 |     3 ||    18
Armor: Robe              |    16 |     9 |       |       ||    25
       Chain mail        |       |    25 |   101 |    14 ||   140
       Ring mail         |       |       |       |    36 ||    36
Dodge: Dodged            |    60 |    49 |   174 |   183 ||   466

Table legend:
 A = Non-vault XP
 B = Vault XP
 C = Vault XP percentage of total XP
 D = Non-vault monster count
 E = Vault monster count
 F = Vault count percentage of total count
                 A         B        C        D         E       F
            +---------+---------+-------+---------+---------+-------
      Total |    6984 |    2818 |  28.7 |     195 |      25 |  11.4
            +---------+---------+-------+---------+---------+-------
        D:1 |      40 |       0 |   0.0 |      21 |       0 |   0.0
        D:2 |      51 |       0 |   0.0 |      26 |       0 |   0.0
        D:3 |      83 |      35 |  29.7 |      13 |       1 |   7.1
        D:4 |     680 |     212 |  23.8 |      35 |       1 |   2.8
        D:5 |     299 |       3 |   1.0 |      19 |       1 |   5.0
        D:6 |     875 |      40 |   4.4 |      21 |       1 |   4.5
        D:7 |    1201 |    1163 |  49.2 |      16 |      10 |  38.5
        D:8 |     903 |     283 |  23.9 |      19 |       1 |   5.0
        D:9 |    2852 |     943 |  24.8 |      25 |       5 |  16.7
     Bailey |       0 |     139 | 100.0 |       0 |       5 | 100.0
            +---------+---------+-------+---------+---------+-------
